 Dungeon Crawl Stone Soup version 0.27-a0-323-gbd089401bb (webtiles) character file.

Game seed: 17547008596256004467

6537 puppykicker the Slinger (level 11, -2/69 HPs)
             Began as a Halfling Abyssal Knight on Feb 10, 2021.
             Was a Priest of Lugonu.
             Slain by a hornet (8 damage)
             ... while paralysed by a hornet
             ... on level 9 of the Dungeon.
             The game lasted 00:33:55 (11809 turns).

puppykicker the Slinger (Halfling Abyssal Knight)  Turns: 11809, Time: 00:33:56

Health: -2/69      AC: 12    Str: 16    XL:     11   Next: 20%
Magic:  18/18      EV:  3    Int: 10    God:    Lugonu [***...]
Gold:   280        SH:  0    Dex: 15    Spells: 10/10 levels left

rFire    . . .     SeeInvis .   w - +2 dagger (venom)
rCold    + . .     Faith    .   (shield restricted)
rNeg     . . .     Spirit   .   f - +0 chain mail
rPois    .         Reflect  +   s - +0 helmet
rElec    .         Harm     .   r - +0 cloak
rCorr    .         Rampage  .   (no gloves)
Will     .....                  g - +0 pair of boots
Stlth    ..........             l - amulet of reflection
HPRegen  0.21/turn              W - ring of wizardry {Wiz+}
MPRegen  0.16/turn              I - ring of protection from cold

@: paralysed, lethally poisoned (-2 -> -27), slowed
A: small, mutation resistance 1
a: Renounce Religion, Depart the Abyss, Bend Space, Banish


You were on level 9 of the Dungeon.
You worshipped Lugonu.
Lugonu was most pleased with you.
You visited 1 branch of the dungeon, and saw 9 of its levels.
You visited the Abyss 1 time.

You collected 735 gold pieces.
You spent 455 gold pieces at shops.

Inventory:

Hand Weapons
 a - a +0 rapier
 b - a +0 hunting sling
 w - a +2 dagger of venom (weapon)
Missiles
 n - 70 sling bullets
 o - 20 poisoned darts (quivered)
Armour
 f - a +0 chain mail (worn)
 g - a +0 pair of boots (worn)
 r - a +0 cloak (worn)
 s - a +0 helmet (worn)
 v - a +0 pair of gloves
Jewellery
 l - an amulet of reflection (around neck)
 I - a ring of protection from cold (right hand)
 R - an amulet of regeneration
 W - a ring of wizardry (left hand) {Wiz+}
Wands
 c - a wand of iceblast (5)
Scrolls
 d - 4 scrolls of amnesia
 e - 3 scrolls of fear
 i - a scroll of identify
 t - 2 scrolls of teleportation
 B - 2 scrolls of blinking {!r}
Potions
 h - 5 potions of curing
 j - 2 potions of flight
 k - a potion of attraction {unknown}
 m - 2 potions of heal wounds
 q - a potion of cancellation
 u - 2 potions of might
 x - 2 potions of haste
 z - a potion of lignification {!q}


   Skills:
 - Level 4.0 Fighting
 + Level 11.4 Short Blades
 - Level 12.0 Slings
 - Level 4.0 Armour
 - Level 4.0 Dodging
 + Level 9.4 Invocations


You had 10 spell levels left.
You didn't know any spells.
Your spell library was empty.

Dungeon Overview and Level Annotations

Branches:
Dungeon (9/15)             Temple (0/1) D:7             Orc (0/2) D:9
   Lair: D:8-11

Altars:
Ashenzari
Cheibriados
Elyvilon
Gozag
Makhleb
Nemelex Xobeh
Qazlal
Sif Muna
Uskayaw
Wu Jian
Xom
Yredelemnul
Zin

Shops:
D:8 !![

Portals:
Abyss: D:7

Annotations:
D:4 1 runed translucent door, puppykicker's ghost, amateur OgTm
D:7 2 transporters, lunkers's ghost, novice HOHu
D:9 3 runed translucent doors


Innate Abilities, Weirdness & Mutations

You are small and have problems with some larger weapons.
You are somewhat resistant to further mutation.


Message History

You are more poisoned.
You feel as though you will be slow longer.
The hornet stings you!
* * * LOW HITPOINT WARNING * * *
You feel as though you will be slow longer.
You take 21 damage, and have 26/69 hp.
MASSIVE DAMAGE!!
Throw: 21 darts (poison)
Press: ? - help, Shift-Dir - straight line, f/p - hornet
Aim: a hornet (lightly wounded, 48% to hit)
You throw a poisoned dart.
The poisoned dart barely misses the hornet.
You feel sick. The hornet misses you.
The hornet stings you but does no damage.
You take 2 damage, and have 24/69 hp.
Unknown command.
You feel better. The hornet stings you!
* * * LOW HITPOINT WARNING * * *
You are poisoned.
You feel as though you will be slow longer.
The hornet stings you but does no damage.
Your +2 dagger of venom begins to drip with poison!
w - a +2 dagger of venom (weapon)
You feel sick. The hornet stings you!
* * * LOW HITPOINT WARNING * * *
You are lethally poisoned!
You suddenly lose the ability to move!
* * * LOW HITPOINT WARNING * * *
You feel sick.
The hornet stings you but does no damage.
* * * LOW HITPOINT WARNING * * *
You feel sick.
The hornet stings you but does no damage.
The hornet stings you.
* * * LOW HITPOINT WARNING * * *
You are more poisoned.
You feel as though you will be slow longer.
* * * LOW HITPOINT WARNING * * *
You feel sick. The hornet stings you!
You die...

######'###
#........#..((..(..#
#........#.........#
##.......#.........#
#'.......###...(...#
.#.........#...(...#
.#.........#.......#
.#.........#....y..#
.#.........#....@..#
.#.........#.......#
'#....<....#......)#
...........#.......#
......)....#.....>>#
...........#.......#
...........#.......#
##'######'##.......#
...................#


You could see a hornet.

Levels and vault maps discovered:
D:1:      sevenhm_arrival_forest_fort_small_6, layout_loops_ring,
          minmay_tromino_i2
D:2:      layout_loops_ring, old_standard_altar, serial_glass, glass_columns_a,
          glass_columns_b
D:3:      layout_loops_cross
D:4:      layout_layer_cave, gammafunk_ghost_grave, minmay_surrounded
D:5:      layout_loops_ring, xom_confusion_cloud, minmay_misc_feat_diagonals,
          uniq_eustachio
D:6:      layout_loops_ring, lemuel_round_altar, grunt_ashenzari_visionary
          [grunt_ashenzari_visionary_swamp, grunt_ashenzari_visionary_snake]
D:7:      layout_loops_corners, dancing_weapons_uskayaw,
          grunt_temple_overflow_open, minmay_temple_entry_trees,
          gammafunk_ghost_abyssal_escape, uniq_pikel
D:8:      layout_loops_corners, grunt_temple_overflow_gold_and_silver,
          nicolae_qazlal_style_of_elements, nicolae_overflow_hidden_temple,
          lemuel_round_altar, serial_ice, serial_ice_l, serial_ice_a,
          serial_ice_e, serial_ice_c, serial_shops, kennysheep_mini, shop, shop
D:9:      kennysheep_blocky_room, layout_stronghold, orc_david_3,
          ploomutoo_gammafunk_ghost_potion_laboratory, mrwooster_statue_mirror

Notes
Turn   | Place    | Note
-------+----------+-------------------------------------------
     0 | Abyss:1  | puppykicker the Halfling Abyssal Knight began the quest for
                  | the Orb.
     0 | Abyss:1  | Reached XP level 1. HP: 15/15 MP: 2/2
    15 | Abyss:1  | Identified a ring of ice (You found it on level 1 of the
                  | Abyss)
    71 | Abyss:1  | Noticed a quasit
    74 | D:1      | Escaped the Abyss
   237 | D:1      | Identified a +0 club
   270 | D:1      | Reached skill level 3 in Short Blades
   275 | D:1      | Reached * piety under Lugonu
   276 | D:1      | Reached XP level 2. HP: 20/20 MP: 3/3
   409 | D:1      | Identified a +0 club
   613 | D:1      | Identified a +0 dagger
   613 | D:1      | Identified a +0 club
   613 | D:1      | Identified a +0 club
   633 | D:1      | Reached skill level 4 in Short Blades
   633 | D:1      | Reached XP level 3. HP: 25/25 MP: 4/4
   703 | D:1      | Identified 2 scrolls of identify
   703 | D:1      | Identified a scroll of amnesia
   704 | D:1      | Identified a scroll of blinking
   782 | D:2      | Identified a +0 pair of boots (You found it on level 2 of
                  | the Dungeon)
   829 | D:2      | Identified a +0 club
   884 | D:2      | Identified a potion of curing
   898 | D:2      | Identified an amulet of regeneration (You found it on level
                  | 2 of the Dungeon)
  1071 | D:2      | Identified a ring of wizardry (You found it on level 2 of
                  | the Dungeon)
  1254 | D:2      | Found a sparkling altar of Nemelex Xobeh.
  1393 | D:1      | Identified a +0 hunting sling (You found it on level 3 of
                  | the Dungeon)
  1394 | D:1      | Identified a +1 short sword
  1506 | D:3      | Identified a +0 club
  1519 | D:3      | Reached ** piety under Lugonu
  1520 | D:3      | Reached XP level 4. HP: 26/30 MP: 5/5
  1578 | D:3      | HP: 4/30 [white imp/puff of frost (11)]
  1580 | D:3      | Reached skill level 5 in Short Blades
  1790 | D:3      | Identified a +0 club
  1794 | D:3      | Identified a +0 trident
  1794 | D:3      | Identified a +0 leather armour
  1794 | D:3      | Identified a +0 dagger
  1794 | D:3      | Identified a +0 robe
  1794 | D:3      | Identified a +0 dagger
  1794 | D:3      | Identified a +0 robe
  2293 | D:3      | Identified a +0 hand axe
  2299 | D:3      | Identified a +0 club
  2301 | D:3      | Identified a +0 dagger
  2301 | D:3      | Identified a +0 robe
  2303 | D:3      | Reached XP level 5. HP: 36/36 MP: 6/6
  2335 | D:3      | Reached skill level 1 in Slings
  2680 | D:4      | Reached skill level 3 in Fighting
  2680 | D:4      | Reached skill level 3 in Armour
  2680 | D:4      | Reached XP level 6. HP: 31/42 MP: 7/7
  2721 | D:4      | Identified a +0 cloak (You found it on level 4 of the
                  | Dungeon)
  2751 | D:4      | Reached skill level 2 in Slings
  2852 | D:4      | Identified a +0 mace
  2854 | D:4      | Identified a +0 mace
  2868 | D:4      | Identified a +2 mace of draining
  2868 | D:4      | Identified a +0 leather armour
  3021 | D:4      | Found a runed translucent door.
  3021 | D:4      | Noticed puppykicker's ghost (amateur OgTm)
  3036 | D:4      | Identified a +0 helmet (You found it on level 4 of the
                  | Dungeon)
  3046 | D:4      | Identified a +0 chain mail (You found it on level 1 of the
                  | Dungeon)
  3056 | D:4      | Identified a +0 leather armour
  3381 | D:4      | Reached skill level 2 in Dodging
  3418 | D:4      | Identified a +0 mace
  3741 | D:4      | Identified a +0 short sword
  3747 | D:4      | Identified a +0 flail
  3747 | D:4      | Identified a +0 ring mail
  3749 | D:4      | Identified a +0 whip
  3750 | D:4      | Identified a +0 flail of draining
  3750 | D:4      | Identified a +0 ring mail
  3752 | D:4      | Identified a +0 falchion
  3752 | D:4      | Identified a +0 leather armour
  3753 | D:4      | Identified a +0 club
  4315 | D:5      | Entered Level 5 of the Dungeon
  4361 | D:5      | Reached skill level 3 in Slings
  4395 | D:5      | Identified an amulet of reflection (You found it on level 5
                  | of the Dungeon)
  4411 | D:5      | Reached skill level 6 in Short Blades
  4482 | D:5      | Found a shimmering altar of Xom.
  4511 | D:5      | Reached XP level 7. HP: 21/46 MP: 9/9
  4516 | D:5      | Reached *** piety under Lugonu
  4517 | D:5      | Reached skill level 3 in Invocations
  4537 | D:5      | Reached skill level 4 in Slings
  4962 | D:5      | Identified a +1 war axe of freezing
  4962 | D:5      | Identified a +0 scale mail
  5399 | D:5      | Identified a +0 rapier
  5399 | D:5      | Identified a +0 leather armour
  5399 | D:5      | Noticed Eustachio
  5420 | D:5      | Killed Eustachio
  5549 | D:6      | Reached XP level 8. HP: 52/52 MP: 10/10
  5622 | D:6      | Reached skill level 5 in Slings
  5622 | D:6      | Reached skill level 3 in Dodging
  5703 | D:6      | Reached skill level 4 in Armour
  6042 | D:6      | Found a burning altar of Makhleb.
  6087 | D:6      | Identified a +0 great sword
  6087 | D:6      | Identified a +0 robe
  6099 | D:6      | Identified a +4 dagger
  6099 | D:6      | Identified a +0 robe
  6099 | D:6      | Identified a +0 great sword
  6099 | D:6      | Identified a +0 robe
  6109 | D:6      | Reached skill level 6 in Slings
  6283 | D:6      | Found a broken altar of Ashenzari.
  6288 | D:6      | Saw a vision of the Swamp and the Snake Pit.
  6288 | D:6      | Noticed an alligator
  6288 | D:6      | Noticed a goliath frog
  6288 | D:6      | Noticed a will-o-the-wisp
  6288 | D:6      | Noticed a naga mage
  6288 | D:6      | Identified a +0 short sword
  6288 | D:6      | Identified a +0 robe
  6288 | D:6      | Noticed a naga warrior
  6288 | D:6      | Noticed a guardian serpent
  6288 | D:6      | Identified a +0 spear
  6288 | D:6      | Noticed a naga mage
  6288 | D:6      | Identified a +0 mace
  6288 | D:6      | Identified a +2 robe of willpower
  6288 | D:6      | Identified a +3 dagger of venom
  6288 | D:6      | Identified a +0 robe
  6288 | D:6      | Noticed a naga ritualist
  6288 | D:6      | Noticed a mana viper
  6288 | D:6      | Identified a +0 halberd
  6288 | D:6      | Identified a +0 robe
  6307 | D:6      | Identified a +0 mace
  6307 | D:6      | Identified a +0 leather armour
  6352 | D:6      | Reached skill level 4 in Fighting
  6352 | D:6      | Reached skill level 7 in Short Blades
  6352 | D:6      | Reached skill level 4 in Invocations
  6721 | D:7      | Identified a +0 short sword
  6722 | D:7      | Reached skill level 4 in Dodging
  6728 | D:7      | Identified a +2 dagger of venom
  6728 | D:7      | Identified a +0 robe
  6730 | D:7      | Identified a +0 mace
  6730 | D:7      | Identified a +0 leather armour
  6757 | D:7      | Reached skill level 7 in Slings
  6757 | D:7      | Found a staircase to the Ecumenical Temple.
  6984 | D:7      | Found a transporter.
  7005 | D:7      | Identified a +3 broad axe of distortion
  7005 | D:7      | Identified a +1 plate armour
  7046 | D:7      | Found a transporter.
  7049 | D:7      | Noticed a small abomination
  7088 | D:7      | Reached XP level 9. HP: 38/58 MP: 12/12
  7209 | D:7      | Identified a +5 great sword
  7209 | D:7      | Identified a +0 robe
  7211 | D:7      | Identified a +0 spear
  7211 | D:7      | Identified a +1 robe of willpower
  7218 | D:7      | Identified a +0 halberd
  7218 | D:7      | Identified a +0 robe
  7238 | D:7      | Identified a +5 spear
  7238 | D:7      | Identified a +0 robe
  7247 | D:7      | Reached skill level 8 in Slings
  7252 | D:7      | Identified a +3 long sword of freezing
  7252 | D:7      | Identified a +0 robe
  7337 | D:7      | Found a one-way gate to the infinite horrors of the Abyss.
  7337 | D:7      | Noticed lunkers's ghost (novice HOHu)
  7384 | D:7      | Identified a +0 club
  7384 | D:7      | Identified a +0 club
  7385 | D:7      | Identified a +0 trident
  7385 | D:7      | Identified a +0 scale mail
  7386 | D:7      | Identified a +0 halberd
  7411 | D:7      | Reached skill level 5 in Invocations
  7505 | D:7      | Identified a +0 war axe
  7505 | D:7      | Identified a +0 chain mail
  7635 | D:7      | Identified a +0 dagger
  7635 | D:7      | Noticed a +0 dagger
  7635 | D:7      | Identified a +0 hand axe
  7635 | D:7      | Noticed a +0 hand axe
  7647 | D:7      | Found a hide-covered altar of Uskayaw.
  7732 | D:7      | Reached skill level 8 in Short Blades
  7732 | D:7      | Reached skill level 9 in Slings
  7932 | D:7      | Identified a +0 whip of electrocution
  7932 | D:7      | Identified a +0 robe
  7932 | D:7      | Noticed Pikel
  7945 | D:7      | Killed Pikel
  7970 | D:7      | Identified a ring of protection from cold (You found it on
                  | level 7 of the Dungeon)
  8054 | D:7      | Reached skill level 10 in Slings
  8213 | D:7      | Identified a potion of cancellation
  8214 | D:7      | Identified 2 potions of flight
  8215 | D:7      | Identified 2 scrolls of teleportation
  8216 | D:7      | Identified a scroll of random uselessness
  8217 | D:7      | Identified 2 scrolls of fear
  8362 | D:7      | Found a shimmering blue altar of Sif Muna.
  8366 | D:7      | Found a basalt altar of Yredelemnul.
  8429 | D:8      | Identified a +0 giant club
  8445 | D:8      | Reached skill level 6 in Invocations
  8543 | D:8      | Identified a +0 shortbow
  8548 | D:8      | Reached **** piety under Lugonu
  8602 | D:8      | Found a snail-covered altar of Cheibriados.
  8713 | D:8      | Identified a +0 dagger
  8713 | D:8      | Identified a +0 robe
  8714 | D:8      | Identified a +0 flail
  8714 | D:8      | Identified a +1 leather armour of cold resistance
  8715 | D:8      | Identified a +0 vampiric dagger
  8715 | D:8      | Identified a +0 robe
  8749 | D:8      | Reached XP level 10. HP: 63/63 MP: 14/14
  8778 | D:8      | Identified a +0 spear
  8778 | D:8      | Identified a +0 leather armour
  8778 | D:8      | Identified a +0 dagger
  8778 | D:8      | Identified a +0 robe
  8778 | D:8      | Identified a +1 spear of venom
  8790 | D:8      | Identified a +0 trident
  8790 | D:8      | Identified a +0 ring mail
  8801 | D:8      | Identified a +0 whip
  8808 | D:8      | Identified a +0 spear
  8809 | D:8      | Identified a +0 mace
  8814 | D:8      | Identified a +0 whip
  8818 | D:8      | Identified a +0 flail
  8818 | D:8      | Identified a +0 ring mail
  8948 | D:8      | Found Kuopot's Distillery.
  8951 | D:8      | Bought a potion of might for 52 gold pieces
  8951 | D:8      | Bought a potion of degeneration for 13 gold pieces
  8951 | D:8      | Bought a potion of haste for 130 gold pieces
  8951 | D:8      | Bought a potion of might for 52 gold pieces
  8951 | D:8      | Bought a potion of lignification for 39 gold pieces
  8951 | D:8      | Bought a potion of haste for 130 gold pieces
  8951 | D:8      | Bought a potion of curing for 39 gold pieces
  9005 | D:8      | Reached skill level 11 in Slings
  9077 | D:8      | Found a white marble altar of Elyvilon.
  9096 | D:8      | Found a stormy altar of Qazlal.
  9114 | D:8      | Found an ornate altar of the Wu Jian Council.
  9138 | D:8      | Found Maffoumn's Distillery.
  9245 | D:8      | Reached skill level 9 in Short Blades
  9592 | D:8      | Found Sodipy's Antique Armour Emporium.
  9695 | D:8      | Identified a +0 short sword
  9724 | D:8      | Reached skill level 12 in Slings
  9724 | D:8      | Reached skill level 7 in Invocations
  9812 | D:8      | Found an opulent altar of Gozag.
  9812 | D:8      | Found a glowing silver altar of Zin.
 10038 | D:9      | Noticed a white ugly thing
 10038 | D:9      | Identified a +0 hand axe
 10038 | D:9      | Identified a +0 chain mail
 10040 | D:9      | Identified a +0 dagger
 10041 | D:9      | Identified a +0 shortbow
 10043 | D:9      | Identified a +0 dagger
 10061 | D:8      | Banished a white ugly thing
 10445 | D:9      | Found a runed translucent gate.
 10445 | D:9      | Found a runed translucent gate.
 10445 | D:9      | Found a runed translucent gate.
 10449 | D:9      | Identified a +1 whip of venom
 10449 | D:9      | Identified a +0 leather armour
 10454 | D:9      | Found a staircase to the Orcish Mines.
 10475 | D:9      | Identified a +0 trident
 10577 | D:9      | Reached skill level 10 in Short Blades
 10637 | D:9      | Identified a +0 dagger
 10651 | D:9      | Identified a +0 club
 10652 | D:9      | Identified a +0 whip
 10652 | D:9      | Identified a +0 scale mail
 10737 | D:9      | Noticed a glowing orange brain
 10738 | D:9      | Noticed a cyan ugly thing
 10738 | D:9      | Noticed a red ugly thing
 10738 | D:9      | Noticed a cyan ugly thing
 10739 | D:9      | Noticed a red ugly thing
 10739 | D:9      | Noticed a cyan ugly thing
 10740 | D:9      | Noticed a cyan ugly thing
 10780 | D:9      | Identified a +0 giant club
 10780 | D:9      | Identified a +0 dire flail
 10780 | D:9      | Noticed a two-headed ogre
 10784 | D:9      | Identified a +0 giant club
 10785 | D:9      | Banished a two-headed ogre
 10786 | D:9      | Reached skill level 8 in Invocations
 10824 | D:9      | Identified a +0 giant club
 10824 | D:9      | Identified a +0 giant spiked club
 10824 | D:9      | Noticed a two-headed ogre
 10831 | D:9      | Banished a two-headed ogre
 10832 | D:9      | Reached skill level 11 in Short Blades
 10832 | D:9      | Reached XP level 11. HP: 32/69 MP: 12/17
 11012 | D:9      | Reached skill level 9 in Invocations
 11185 | D:9      | Identified a +0 shortbow
 11523 | D:9      | Identified a +0 war axe
 11523 | D:9      | Identified a +0 plate armour
 11532 | D:9      | Identified a +0 dagger
 11532 | D:9      | Identified a +0 robe
 11773 | D:9      | Identified a +0 dagger
 11773 | D:9      | Identified a +0 leather armour
 11799 | D:9      | Paralysed by a hornet for 2 turns
 11806 | D:9      | HP: 13/69 [hornet (12)]
 11806 | D:9      | Paralysed by a hornet for 3 turns
 11809 | D:9      | HP: 6/69 [poisoned by a hornet]
 11809 | D:9      | Slain by a hornet

Table legend: (Time is in decaauts)
 A = Elapsed time spent in this place.
 B = Non-inter-level travel time spent in this place.
 C = Inter-level travel time spent in this place.
 D = Time resting spent in this place.
 E = Time spent auto-exploring this place.
 F = Levels seen in this place.
 G = Mean time per level.
                   A        B        C        D        E       F      G
               +--------+--------+--------+--------+--------+-----+--------+
         Total |  11548 |  11226 |    322 |   3109 |   6364 |  10 | 1154.8 |
       Dungeon |  11475 |  11153 |    322 |   3109 |   6294 |   9 | 1275.0 |
         Abyss |     73 |     73 |      0 |      0 |     70 |   1 |   73.0 |
               +--------+--------+--------+--------+--------+-----+--------+

Top non-repeatable levels by time:
     D:8: 2076 daAuts
     D:4: 1639 daAuts
     D:7: 1611 daAuts
     D:3: 1218 daAuts
     D:9: 1206 daAuts
     D:5: 1206 daAuts
     D:6: 1163 daAuts
     D:2: 687 daAuts
     D:1: 665 daAuts
 Abyss:1: 73 daAuts

Table legend:
 A = Kills in this place as a percentage of kills in entire the game.
 B = Kills by you in this place as a percentage of kills by you in the entire game.
 C = Kills by friends in this place as a percentage of kills by friends in the entire game.
 D = Other kills in this place as a percentage of other kills in the entire game.
 E = Experience gained in this place as a percentage of experience gained in the entire game.
 F = Experience gained in this place divided by the number of levels of this place that you have seen.
                   A       B       C       D       E      F
               +-------+-------+-------+-------+-------+----------------------
         Total | 100.0 | 100.0 |   N/A | 100.0 | 100.0 | 933.9
       Dungeon | 100.0 | 100.0 |   N/A | 100.0 | 100.0 | 1037.7
               +-------+-------+-------+-------+-------+----------------------

Skill      XL: |  1  2  3  4  5  6  7  8  9 10 11 |
---------------+----------------------------------+-----
Short Blades   | 3 4 5 6 7 8 11 | 11.4
Slings         | 1 3 4 7 10 12 | 12.0
Fighting       | 3 4 |  4.0
Armour         | 3 4 |  4.0
Dodging        | 2 4 |  4.0
Invocations    | 3 4 6 8 9 |  9.4

Action                   |  1- 3 |  4- 6 |  7- 9 | 10-12 || total
-------------------------+-------+-------+-------+-------++-------
Melee: Short sword       |   101 |   101 |     2 |       ||   204
       Rapier            |       |       |   171 |   149 ||   320
       Dagger            |       |       |    20 |     7 ||    27
 Fire: Hunting sling     |       |   118 |   306 |   185 ||   609
Throw: Dart              |       |     5 |       |     3 ||     8
Invok: Depart the Abyss  |     1 |       |       |       ||     1
       Bend Space        |       |       |     1 |       ||     1
       Banish            |       |       |       |     6 ||     6
Evoke: Wand              |       |     5 |     2 |    10 ||    17
  Use: Scroll            |     3 |       |     6 |       ||     9
       Potion            |       |       |     1 |     1 ||     2
 Stab: Sleeping          |     1 |       |       |       ||     1
Armor: Leather armour    |    10 |    21 |       |       ||    31
       Chain mail        |       |    38 |   133 |    73 ||   244
Dodge: Dodged            |    49 |    76 |   141 |    93 ||   359
Block: Other             |       |     8 |    56 |    35 ||    99
       Reflection        |       |       |     1 |     3 ||     4

Vanquished Creatures
  Pikel (D:7)
  A polar bear (D:8)
  A basilisk (D:9)
  A yak (D:8)
  Eustachio (D:5)
  An orc warrior (D:8)
  2 sky beasts (D:7)
  4 ice beasts (D:8)
  2 necrophages
  2 ogres
  3 centaurs
  A kobold brigand (D:8)
  2 gnoll sergeants
  3 bullfrogs
  5 scorpions
  A killer bee (D:9)
  8 wights
  A centaur zombie (D:6)
  4 hounds
  3 orc priests
  A centaur skeleton (D:6)
  3 jellies
  A bullfrog skeleton (D:6)
  2 iguanas
  8 orc wizards
  9 worker ants
  A killer bee simulacrum (D:8)
  7 gnolls
  7 adders
  A howler monkey skeleton (D:6)
  A shadow imp (D:7)
  8 white imps
  4 ufetubi
  An adder skeleton (D:4)
  2 worms
  A dart slug (D:1)
  6 leopard geckos
  32 orcs
  4 bats
  7 giant cockroaches
  4 goblins
  8 hobgoblins
  6 jackals
  5 quokkas
  A ball python (D:5)
  3 frilled lizards
  6 kobolds
  A leopard gecko skeleton (D:4)
  7 rats
194 creatures vanquished.

Vanquished Creatures (others)
  2 fungi (D:6)
  2 withered plants (D:4)
4 creatures vanquished.

Grand Total: 198 creatures vanquished
